 Dungeon Crawl Stone Soup version 0.31.0-11-ge490571c62 (webtiles) character file.

Game seed: 16661183739490070244

2694 trckry the Summoner (level 9, -15/74 HPs)
             Began as an Oni Summoner on Feb 1, 2024.
             Demolished by a gnoll
             ... wielding a +0 halberd of venom
             ... led by a gnoll bouda
              (16 damage)
             ... on level 7 of the Dungeon.
             The game lasted 00:27:36 (8022 turns).

trckry the Summoner (Oni Summoner)                  Turns: 8022, Time: 00:27:37

Health: -15/74     AC:  4    Str: 24    XL:     9   Next: 65%
Magic:  12/12      EV:  9    Int: 19    God:
Gold:   366        SH:  5    Dex:  8    Spells: 6/12 levels left

rFire   . . .        H - +5 woodcutter's axe
rCold   . . .        (shield currently unavailable)
rNeg    . . .        a - +0 robe
rPois   .            (helmet restricted)
rElec   .            p - +0 cloak
rCorr   .            (gloves unavailable)
SInv    .            (boots unavailable)
Will    .....        d - amulet of reflection
Stlth   +            m - +6 ring of strength
HPRegen 0.32/turn    u - +4 ring of slaying
MPRegen 0.13/turn

%: reflection
@: brilliant, lethally poisoned (-15 -> -30)
A: large, unfitting armour, horns 1, tough skin 1, double potion healing,
drunken brawling, hooves 1, deterioration 1, strong 1, evolution 1
a: no special abilities


You were on level 7 of the Dungeon.
You visited 1 branch of the dungeon, and saw 7 of its levels.
You also visited: Sewer.

You collected 366 gold pieces.

Inventory:

Hand Weapons
 o - a +2 quarterstaff of chaos
 H - the +5 woodcutter's axe (weapon)
   (You found it on level 5 of the Dungeon)
Missiles
 g - 8 poisoned darts
 D - 4 atropa-tipped darts
Armour
 a - a +0 robe (worn)
 p - a +0 cloak (worn)
Jewellery
 d - an amulet of reflection (around neck)
 m - a +6 ring of strength (left hand)
 u - a +4 ring of slaying (right hand)
 A - a ring of resist corrosion
 E - a ring of fire
 G - a +5 ring of evasion
Wands
 l - a wand of paralysis (8)
 L - a wand of flame (14)
Scrolls
 c - 7 scrolls of teleportation {unknown}
 h - a scroll of enchant weapon {unknown}
 i - 8 scrolls of identify {unknown}
 s - a scroll of fog {unknown}
 t - 2 scrolls of enchant armour {unknown}
 y - a scroll of noise {unknown}
 B - 2 scrolls of silence {unknown}
 C - a scroll of blinking {unknown}
 F - 2 scrolls of amnesia {unknown}
 I - a scroll of poison {unknown}
 J - a scroll of immolation {unknown}
Potions
 b - 3 potions of magic
 e - a potion of attraction {unknown}
 f - 4 potions of curing {unknown}
 j - a potion of brilliance
 k - 3 potions of haste {unknown}
 n - 2 potions of degeneration {unknown}
 r - a potion of ambrosia {unknown}
 v - 3 potions of might {unknown}
 w - a potion of cancellation {unknown}
 x - 2 potions of heal wounds {unknown}
 K - a potion of enlightenment {unknown}


   Skills:
 - Level 1.7 Dodging
 - Level 1.4 Stealth
 - Level 2.4 Spellcasting
 * Level 12.3 Summonings


You had 6 spell levels left.
You knew the following spells:

 Your Spells              Type           Power      Damage    Failure   Level
a - Summon Small Mammal   Summ           100%       N/A       1%          1
b - Call Imp              Summ           100%       N/A       1%          2
c - Call Canine Familiar  Summ           65%        N/A       1%          3

Your spell library contained the following spells:

 Spells                   Type           Power      Damage    Failure   Level
 Summon Blazeheart Golem  Fire/Summ      38%        N/A       13%         4
 Summon Lightning Spire   Summ/Air       38%        N/A       13%         4
 Summon Forest            Summ/Tloc      19%        N/A       34%         5
 Eringya's Noxious Bog    Alch           1%         4d6       100%        6
 Summon Hydra             Summ           32%        N/A       65%         7


Dungeon Overview and Level Annotations

Branches:
Dungeon (7/15) Zot: 25673  Temple (0/1) D:7           Sewer (visited)

Altars:
Dithmenos
Elyvilon
Makhleb
Trog
Uskayaw
Vehumet
Yredelemnul
Zin

Shops:
D:1 [   D:3 :


Innate Abilities, Weirdness & Mutations

You are too large for most types of armour.
You have a pair of small horns on your head.
You have tough skin. (AC +1)
You gain doubled healing and magic from potions.
Whenever you drink a healing potion, you attack all around you.
You have large cloven feet.
Your body sometimes deteriorates upon taking damage.
Your muscles are strong. (Str +4, Int/Dex -1)
You have hidden genetic potential.


Message History

A gnoll comes into view. It is wielding a +0 club.
There is a stone staircase leading down here.
The gnoll shouts!
A steam dragon comes into view.
The gnoll hits you but does no damage.
You closely miss the gnoll.
The steam dragon hisses angrily.
You kick the gnoll.
The gnoll is moderately wounded.
A gnoll comes into view. It is wielding a +0 club.
The gnoll barely misses you.
The gnoll shouts!
You slash the gnoll!
You kill the gnoll!
You hear a shout!
The gnoll hits you from afar with a +0 halberd of venom.
You are poisoned.
The steam dragon breathes steam at you. The ball of steam hits you!!
You are engulfed in a cloud of scalding steam.
You feel very sick. The gnoll attacks as it pursues you!
The gnoll barely misses you.
You are engulfed in a cloud of scalding steam.
You feel very sick.
You feel sick.
You feel sick.
The gnoll is engulfed in a cloud of scalding steam.
The gnoll hits you from afar with a +0 halberd of venom!
* * * LOW HITPOINT WARNING * * *
You are lethally poisoned!
There is a stone staircase leading down here.
* * * LOW HITPOINT WARNING * * *
You feel very sick.
The gnoll is engulfed in a cloud of scalding steam.
It was a potion of brilliance.
You feel clever all of a sudden.
* * * LOW HITPOINT WARNING * * *
You feel very sick.
The gnoll hits you from afar with a +0 halberd of venom!
You die...

#. ..# #. .#..##...# #. #... #.##
##..##..#.# #.#..## #..####..#
#..#.# # #.....#
##.......###)##.# #. ####..#.##
#..#...>..#.).... #.###..g..)g.##
#...#.......####.
#.....#####...###.#.##.##..#####.
###...# #.#Dg##....#####.....##
.)..#.#####.##.>@..##.###......##
#####....##.######.............##
# #....##..###...##.....#######
#............###...######
#....##...............^.####
#####....##........#.######.....#
§§§D#....##...####...### #..
###g..####....# ###.%.##### ##.
#.........#.# #.#......####.


You could see a steam dragon and 2 gnolls.

Vanquished Creatures
  Maurice (D:7)
  Eustachio (D:5)
  A vampire (D:6)
  2 steam dragons (D:7)
  Menkaure (D:7)
  A water moccasin (D:7)
  A sky beast (D:7)
  A black bear (D:6)
  2 ogres
  A bullfrog (D:6)
  3 jellies
  2 gnoll boudas
  An orc priest (D:6)
  An iron imp (D:3)
  2 iguanas
  2 gnolls
  2 adders
  A white imp (D:7)
  A ribbon worm (D:4)
  4 orcs
  4 bats
  4 endoplasms (Sewer)
  A giant cockroach (Sewer)
  A goblin (D:3)
  5 hobgoblins
  3 jackals (D:3)
  5 quokkas
  4 ball pythons
  3 frilled lizards
  6 rats
67 creatures vanquished.

Vanquished Creatures (collateral kills)
  An ogre (D:5)
  Blork the orc (D:4)
  A gnoll sergeant (D:5)
  A scorpion (D:6)
  A howler monkey (D:5)
  Crazy Yiuf (D:2)
  3 jellies (Sewer)
  2 iron imps (D:3)
  An orc wizard (D:3)
  A statue (D:6)
  4 adders
  11 gnolls
  A white imp (D:7)
  2 dart slugs
  5 ribbon worms
  7 orcs
  10 bats
  8 endoplasms
  4 giant cockroaches
  3 goblins
  2 hobgoblins
  5 jackals
  4 kobolds
  A quokka (D:1)
  3 ball pythons
  4 frilled lizards
  4 rats
91 creatures vanquished.

Vanquished Creatures (others)
  A gnoll (D:7)
1 creature vanquished.

Grand Total: 159 creatures vanquished

Notes
Turn   | Place    | Note
-------+----------+-------------------------------------------
     0 | D:1      | trckry the Oni Summoner began the quest for the Orb.
     0 | D:1      | Reached XP level 1. HP: 16/16 MP: 3/3
   131 | D:1      | Reached skill level 4 in Summonings
   131 | D:1      | Reached XP level 2. HP: 23/24 MP: 5/5
   134 | D:1      | Learned a level 2 spell: Call Imp
   445 | D:1      | Found Arrirph's Antique Armour Shop.
   490 | D:1      | Reached XP level 3. HP: 31/31 MP: 4/6
   523 | D:1      | Found a faded altar of an unknown god.
   688 | D:1      | Learned a level 3 spell: Call Canine Familiar
  1183 | D:2      | Found a runed translucent door.
  1184 | D:2      | Noticed Crazy Yiuf
  1526 | D:2      | Reached skill level 5 in Summonings
  1526 | D:2      | Reached XP level 4. HP: 39/39 MP: 3/7
  1876 | D:2      | Found a white marble altar of Elyvilon.
  2190 | D:2      | Killed Crazy Yiuf
  2320 | D:3      | Found Kewnyisch's Book Boutique.
  2370 | D:3      | Reached XP level 5. HP: 45/45 MP: 6/8
  2392 | D:3      | Noticed a +0 spear
  2393 | D:3      | Noticed a +0 dagger
  2393 | D:3      | Noticed a +0 falchion
  2395 | D:3      | Noticed a +0 falchion
  2396 | D:3      | Noticed a +0 short sword
  2396 | D:3      | Noticed a +0 dagger
  2397 | D:3      | Noticed a +0 spear
  2398 | D:3      | Noticed a +0 short sword
  2448 | D:3      | Found a hide-covered altar of Uskayaw.
  2675 | D:3      | Found a burning altar of Makhleb.
  2698 | D:3      | Reached skill level 6 in Summonings
  2775 | D:3      | Reached XP level 6. HP: 52/53 MP: 0/9
  2939 | D:3      | Found a bloodstained altar of Trog.
  3273 | D:4      | Found a glowing drain.
  3299 | Sewer    | Entered a sewer
  3474 | Sewer    | Reached skill level 7 in Summonings
  3556 | Sewer    | Reached XP level 7. HP: 35/59 MP: 10/10
  3560 | Sewer    | Found a viscous altar of Jiyva.
  3764 | D:4      | Found a shadowy altar of Dithmenos.
  3889 | D:4      | Found a glowing silver altar of Zin.
  4085 | D:4      | Noticed Blork the orc
  4104 | D:4      | Killed Blork the orc
  4228 | D:5      | Entered Level 5 of the Dungeon
  4321 | D:5      | Noticed Eustachio
  4331 | D:5      | Killed Eustachio
  4332 | D:5      | Reached skill level 8 in Summonings
  4661 | D:5      | Reached XP level 8. HP: 43/67 MP: 5/11
  4806 | D:5      | Reached skill level 9 in Summonings
  5517 | D:5      | Found the +5 woodcutter's axe
  5755 | D:6      | Reached skill level 10 in Summonings
  6074 | D:6      | Found a radiant altar of Vehumet.
  6245 | D:6      | Noticed a vampire
  6259 | D:6      | Killed a vampire
  6709 | D:7      | Reached XP level 9. HP: 58/74 MP: 12/12
  6768 | D:7      | Reached skill level 11 in Summonings
  6837 | D:7      | Noticed Maurice
  7163 | D:7      | Found a basalt altar of Yredelemnul.
  7301 | D:7      | Gained mutation: Your body sometimes deteriorates upon
                  | taking damage. [potion of mutation]
  7301 | D:7      | Gained mutation: You have large cloven feet. [potion of
                  | mutation]
  7301 | D:7      | Gained mutation: You have hidden genetic potential. [potion
                  | of mutation]
  7301 | D:7      | Gained mutation: Your muscles are strong. (Str +4, Int/Dex
                  | -1) [potion of mutation]
  7306 | D:7      | HP: 11/74 [poisoned by a water moccasin]
  7545 | D:7      | Noticed Menkaure
  7563 | D:7      | Killed Menkaure
  7696 | D:7      | Paralysed by Maurice for 5 turns
  7699 | D:7      | Maurice stole a ring of fire
  7700 | D:7      | Maurice stole a +2 quarterstaff of chaos
  7701 | D:7      | Maurice stole 4 atropa-tipped darts
  7702 | D:7      | Maurice stole 350 gold
  7704 | D:7      | Killed Maurice
  7705 | D:7      | Reached skill level 12 in Summonings
  7994 | D:7      | Found a staircase to the Ecumenical Temple.
  8021 | D:7      | HP: 6/74 [poisoned by a gnoll]
  8022 | D:7      | HP: 1/74 [poisoned by a gnoll]
  8022 | D:7      | Demolished by a gnoll

Illustrated notes

Levels and vault maps discovered:
D:1:      co_arrival_square_in_a_square_in_a_square, layout_rooms,
          basic_ecumenical_altar, serial_shops, shop, minmay_misc_feat_roman
D:2:      layout_loops_ring, basic_altar, uniq_crazy_yiuf_cottage
D:3:      layout_rooms, nicolae_uskayaw_en_pointe, demons_altar,
          amcnicky_altar_gilded, serial_shops, nicolae_shop_tiny_statue_garden
D:4:      layout_basic, nicolae_dithmenos_the_darkroom,
          mainiacjoe_overflow_small_starburst, cheibrodos_sewer_entry_sluice,
          uniq_blork_the_orc
D:5:      layout_loops_ring, pf_guarded_unrand_woodcutter, uniq_eustachio
D:6:      layout_cave_pods, vehumet_statue, serial_park_tiny_pond
D:7:      layout_rooms, marbit_many_paths, minmay_temple_entry_wispy,
          uniq_menkaure, uniq_maurice

Skill      XL: |  1  2  3  4  5  6  7  8  9 |
---------------+----------------------------+-----
Summonings     | 4 5 6 7 8 10 12 | 12.3
Dodging        | |  1.7
Stealth        | |  1.4
Spellcasting   | |  2.4

Action                     |  1- 3 |  4- 6 |  7- 9 || total
---------------------------+-------+-------+-------++-------
  Melee: War axe           |     8 |     9 |       ||    17
         Headbutt          |     2 |     9 |    14 ||    25
         Unarmed           |     1 |       |       ||     1
         Quarterstaff      |       |    65 |    40 ||   105
         Battleaxe         |       |       |    62 ||    62
         Kick              |       |       |     5 ||     5
   Cast: Summon Small Mamm |     8 |     2 |       ||    10
         Call Imp          |    23 |    12 |    34 ||    69
         Call Canine Famil |       |    12 |    21 ||    33
  Evoke: Wand              |       |       |     1 ||     1
    Use: Potion            |       |       |     2 ||     2
   Stab: Sleeping          |       |     1 |       ||     1
 Armour: Robe              |   133 |    66 |   104 ||   303
  Dodge: Dodged            |    88 |    63 |    43 ||   194
  Block: Other             |    38 |    31 |    20 ||    89
         Reflection        |       |     2 |     1 ||     3
